 Dungeon Crawl Stone Soup version 0.19-b1-3-g7dea586 (webtiles) character file.

184 spe3d0 the Covered (level 5, -1/61 HPs)
             Began as a Demonspawn Fighter on Oct 29, 2016.
             Slain by a leopard gecko (4 damage)
             ... on level 3 of the Dungeon.
             The game lasted 00:06:41 (3148 turns).

spe3d0 the Covered (Demonspawn Fighter)             Turns: 3148, Time: 00:06:41

Health: -1/61      AC:  7    Str: 22    XL:     5   Next: 36%
Magic:  5/5        EV:  7    Int:  9    God:
Gold:   110        SH: 10    Dex: 13    Spells: 0 memorised, 4 levels left

rFire  . . .     SeeInvis .     r - +0 spear (pierce)
rCold  . . .     Gourm    .     b - +0 scale mail
rNeg   . . .     Faith    .     c - +0 shield
rPois  .         Spirit   .     (no helmet)
rElec  .         Reflect  .     (no cloak)
rCorr  .         Harm     .     (no gloves)
MR     .....                    (no boots)
Stlth  ..........               (no amulet)
                                (no ring)
                                (no ring)

@: berserking, very quick
A: powered by pain 2
a: no special abilities


You were on level 3 of the Dungeon.
You were hungry.

You visited 1 branch of the dungeon, and saw 3 of its levels.

You collected 110 gold pieces.


Innate Abilities, Weirdness & Mutations

You sometimes gain power by taking damage.


   Skills:
 - Level 3.6 Fighting
 - Level 1.7 Maces & Flails
 * Level 1.5 Polearms
 * Level 3.9 Armour
 * Level 3.9 Shields


You had 4 spell levels left.
You didn't know any spells.

Inventory:

Hand Weapons
 a - a +0 flail
 r - a +0 spear of piercing (weapon)
Missiles
 i - a throwing net {=f}
Armour
 b - a +0 scale mail (worn)
 c - a +0 shield (worn)
Jewellery
 g - an uncursed amulet of the gourmand {unknown}
Wands
 u - a wand of iceblast (2/15)
Scrolls
 k - a scroll of blinking {unknown}
 o - a scroll of immolation {!r}
 t - 2 scrolls of fog
Potions
 d - a potion of might
 e - a potion of brilliance {unknown}
 h - a potion of mutation {unknown}
 j - a potion of heal wounds {unknown}
 l - a potion of beneficial mutation {unknown}
 p - a potion of flight {unknown}
 v - 3 potions of lignification {unknown}
Comestibles
 f - 4 bread rations {@e1}
 n - a beef jerky {@e2}
 q - 3 royal jellies {@e3}
 s - a meat ration {@e1}

Dungeon Overview and Level Annotations

Branches:
Dungeon (3/15)

Altars:

....#
#.#.#.#####.##
..(.#
#....)........
....#
#####...#.#####.##
....#
#.......#.##......
.####
#.####.##.##.#####
#.####...... #....
#.......#.# #.###
#.......#.#
#@l.....#.#
#ol......
#........
.........
.#.#.#...
.........#
..#.#.#..#
.(........#


You could see an orc priest, a leopard gecko and a frilled lizard.


Message History

Found 23 bolts.
You barely miss the orc priest.
The orc priest looks satisfied for a moment.
You barely miss the orc priest. You block the leopard gecko's attack.
The orc priest invokes the aid of Beogh against you.
Beogh smites you!
* * * LOW HITPOINT WARNING * * *
The leopard gecko bites you.
* * * LOW HITPOINT WARNING * * *
You hear a shout!
You hit the orc priest but do no damage.
The orc priest mumbles some strange prayers to Beogh against you.
Beogh smites you!
* * * LOW HITPOINT WARNING * * *
You hit the orc priest.
The orc priest is lightly wounded.
You are feeling hungry.
You block the orc priest's attack.
The leopard gecko bites you but does no damage.
Really quaff
m - a potion of berserk rage {!q}?
A red film seems to cover your vision as you go berserk!
You feel yourself moving faster!
You feel mighty!
The orc priest looks satisfied for a moment.
The leopard gecko bites you.
* * * LOW HITPOINT WARNING * * *
You block the frilled lizard's attack.
You puncture the orc priest!
The orc priest is severely wounded.
The leopard gecko bites you.
You die...

Skill      XL: |  1  2  3  4 |
---------------+-------------+-----
Shields        | 3 |  3.9
Armour         | 3 |  3.9
Polearms       | 1 |  1.5
Fighting       | |  3.6
Maces & Flails | |  1.7

Action                   |  1- 3 |  4- 6 || total
-------------------------+-------+-------++-------
Melee: Flail             |   122 |       ||   122
       Spear             |    21 |   111 ||   132
  Use: Scroll            |       |     4 ||     4
       Potion            |       |     1 ||     1
  Eat: Chunk             |     2 |     5 ||     7
Armor: Scale mail        |    63 |    34 ||    97
Dodge: Dodged            |    42 |    25 ||    67
Block: Shield            |    55 |    38 ||    93

Vault maps used:
D:1:      nicolae_arrival_memento_mori
D:2:      first_bread
D:3:      serial_glass, glass_columns_b, glass_columns_b, gup_sewer_entry_glass

Notes
Turn   | Place    | Note
-------+----------+-------------------------------------------
     0 | D:1      | spe3d0 the Demonspawn Fighter began the quest for the Orb.
     0 | D:1      | Reached XP level 1. HP: 18/18 MP: 1/1
   117 | D:1      | Gained mutation: You sometimes gain a little power by taking damage. [demonic ancestry]
   117 | D:1      | Reached XP level 2. HP: 24/24 MP: 2/2
   372 | D:1      | Reached skill level 3 in Shields
   507 | D:1      | Reached skill level 3 in Armour
   651 | D:1      | Reached XP level 3. HP: 29/29 MP: 3/3
  1675 | D:2      | Reached XP level 4. HP: 26/36 MP: 4/4
  2841 | D:3      | Reached skill level 1 in Polearms
  2841 | D:3      | Gained mutation: You sometimes gain power by taking damage. [demonic ancestry]
  2841 | D:3      | Reached XP level 5. HP: 22/41 MP: 5/5
  3147 | D:3      | HP: 3/61 [leopard gecko (4)]
  3148 | D:3      | Slain by a leopard gecko

Vanquished Creatures
  An orc priest (D:3)
  An orc wizard (D:3)
  2 gnolls
  2 adders (D:2)
  2 oozes
  3 worms (D:2)
  4 leopard geckos
  3 orcs (D:3)
  2 giant cockroaches
  8 goblins
  8 hobgoblins
  7 kobolds
  4 quokkas
  8 bats
  5 frilled lizards
  6 rats
66 creatures vanquished.
